 Dungeon Crawl Stone Soup version 0.31.0-9-g3a7656b989 (webtiles) character file.

Game seed: 14071278031364420853

431 qw the Shooter (level 6, 0/30 HPs)
             Began as a Spriggan Hunter on Feb 2, 2024.
             Succumbed to a scorpion's poison
             ... on level 4 of the Dungeon.
             The game lasted 00:00:11 (2751 turns).

qw the Shooter (Spriggan Hunter)                    Turns: 2751, Time: 00:00:11

Health: 0/30       AC:  2    Str:  7    XL:     6   Next: 67%
Magic:  7/7        EV: 21    Int: 10    God:
Gold:   173        SH:  0    Dex: 21    Spells: 5/5 levels left

rFire   . . .        b - +0 orcbow
rCold   . . .        (shield currently unavailable)
rNeg    . . .        c - +0 robe
rPois   .            (helmet restricted)
rElec   .            (no cloak)
rCorr   .            (gloves unavailable)
SInv    +            (boots unavailable)
Will    +....        (no amulet)
Stlth   ++           (no ring)
HPRegen 0.25/turn    (no ring)
MPRegen 0.10/turn

%: no passive effects
@: lethally poisoned (0 -> -3), about to teleport, very quick
A: very small, no large weapons, unfitting armour, see invisible, speed 3
a: no special abilities


You were on level 4 of the Dungeon.
You visited 2 branches of the dungeon, and saw 5 of its levels.

You collected 173 gold pieces.


Innate Abilities, Weirdness & Mutations

You are very small and have problems with some larger weapons.
You are too small for most types of armour.
You have supernaturally acute eyesight. (SInv)
You cover ground extremely quickly. (Speed+++)


   Skills:
 - Level 2.1 Fighting
 + Level 6.6 Ranged Weapons
 - Level 6.1 Dodging
 - Level 1.5 Stealth


You had 5 spell levels left.
You didn't know any spells.
Your spell library was empty.

Inventory:

Hand Weapons
 b - a +0 orcbow (weapon)
Armour
 c - a +0 robe (worn)
Jewellery
 d - a ring of ice
Wands
 a - a wand of flame (25)
Scrolls
 e - a scroll of teleportation
Potions
 f - a potion of brilliance {unknown}
 i - 2 potions of curing

Dungeon Overview and Level Annotations

Branches:
Dungeon (4/15)             Temple (1/1) D:4

Altars:
Cheibriados
Elyvilon
Fedhas
Hepliaklqana
Kikubaaqudgha
Makhleb
Nemelex Xobeh
Qazlal
Sif Muna
Trog
Uskayaw
Wu Jian
Xom


Message History

You shoot an arrow. The arrow closely misses the scorpion.
The arrow hits the gnoll!
The gnoll is almost dead.
The scorpion stings you.
You are poisoned.
The scorpion poisons you! The gnoll misses you.
You shoot an arrow.
The arrow hits the scorpion but does no damage.
The scorpion is heavily wounded.
You feel very sick. The scorpion completely misses you. The gnoll misses you.
The scorpion stings you.
You are lethally poisoned!
The scorpion poisons you!
You shoot an arrow. The arrow hits the scorpion!
You kill the scorpion!
You feel very sick. The gnoll closely misses you. The gnoll barely misses you.
You shoot an arrow. The arrow barely misses the gnoll.
The arrow hits the quokka but does no damage.
You feel very sick. The gnoll completely misses you.
You shoot an arrow. The arrow hits the gnoll.
You kill the gnoll!
You feel very sick.
2748 ||| READING 2 scrolls of teleportation.
As you read the scroll of teleportation, it crumbles to dust.
You feel strangely unstable.
You feel sick.
You shoot an arrow. The arrow completely misses the quokka.
The arrow hits the gnoll!
The gnoll is almost dead.
You feel sick. The quokka completely misses you.
You shoot an arrow. The arrow closely misses the quokka.
The arrow barely misses the gnoll.
You feel sick. The quokka misses you. The quokka completely misses you.
You shoot an arrow. The arrow barely misses the quokka.
The arrow hits the gnoll.
You kill the gnoll!
You die...

#)### #.# #.#
.# ###. #...#
#.# #.# .#
###.# #.# #.#
#.# #.# #.#
#.# #.# #.##
#.###.# #..#
#.##.<# ##.#
#.##.## #.#
##.#...######
#@#
#....#......#
#r#
##..#...####.#
#)# ....##.##
#.# ###.##.#
... #.##.# #)#
#.##.# .)#
.#.#.# ... #
#..#


You could see a quokka.

Vanquished Creatures
  An ice beast (D:3)
  A scorpion (D:4)
  A hound (D:3)
  Ijyb (D:4)
  Natasha (D:3)
  An iguana (D:4)
  5 gnolls
  6 adders
  A white imp (D:4)
  6 orcs
  11 bats
  3 endoplasms
  A giant cockroach (D:1)
  3 goblins
  10 hobgoblins
  7 jackals
  5 kobolds
  2 quokkas (D:2)
  4 ball pythons (D:1)
  3 frilled lizards
  4 rats
77 creatures vanquished.

Notes
Turn   | Place    | Note
-------+----------+-------------------------------------------
     0 | D:1      | qw the Spriggan Hunter began the quest for the Orb.
     0 | D:1      | Reached XP level 1. HP: 10/10 MP: 2/2
     0 | D:1      | 0 ||| qw: Version: 0.3-a-155-g5e7d8dd
     0 | D:1      | 0 ||| qw: Game counter: 718
     0 | D:1      | 0 ||| qw: Melee chars always use a shield: true
     0 | D:1      | 0 ||| qw: God list: Okawaru
     0 | D:1      | 0 ||| qw: Allow faded altars: false
     0 | D:1      | 0 ||| qw: Do Orc after clearing Dungeon:15 true
     0 | D:1      | 0 ||| qw: Do second Lair branch before Depths: true
     0 | D:1      | 0 ||| qw: Lair rune preference: random
     0 | D:1      | 0 ||| qw: Goals: Normal
     0 | D:1      | 0 ||| PLANNING D:1-11
    32 | D:1      | Reached skill level 3 in Dodging
   150 | D:1      | Reached XP level 2. HP: 14/14 MP: 3/3
   412 | D:1      | Found a faded altar of an unknown god.
   629 | D:1      | HP: 1/14 [gnoll/+0 spear (8)]
   633 | D:1      | Reached XP level 3. HP: 3/18 MP: 4/4
   697 | D:1      | 697 ||| READING scroll labelled DUMOOG QA BUI.
   697 | D:1      | 697 ||| ENCHANTING +0 shortbow.
   698 | D:1      | 698 ||| READING 4 scrolls labelled TAEMOSTRASO.
   799 | D:1      | 799 ||| READING scroll labelled EWUEDGH CEOS.
   803 | D:1      | 803 ||| DROPPING scroll of butterflies.
   804 | D:1      | 804 ||| DROPPING 3 scrolls of vulnerability.
   918 | D:2      | Identified the +9 short sword "Pydateonab" {drain, Int+2}
  1488 | D:2      | 1488 ||| READING scroll labelled NUECSO SOUP.
  1488 | D:2      | 1488 ||| IDENTIFYING clear potion
  1489 | D:2      | 1489 ||| READING scroll labelled DUOLIKK OPPOH.
  1489 | D:2      | 1489 ||| BRANDING +1 shortbow.
  1490 | D:2      | 1490 ||| DRINKING 3 fizzy purple potions.
  1491 | D:2      | 1491 ||| DROPPING potion of invisibility.
  1578 | D:3      | 1578 ||| SWAPPING to +0 orcbow.
  1579 | D:3      | 1579 ||| DROPPING +1 shortbow of freezing.
  1644 | D:3      | Reached XP level 4. HP: 22/22 MP: 5/5
  1962 | D:3      | Noticed Natasha
  1981 | D:3      | Killed Natasha
  2107 | D:3      | Reached XP level 5. HP: 21/26 MP: 6/6
  2146 | D:3      | Noticed an ice beast
  2151 | D:3      | Killed an ice beast
  2152 | D:3      | Reached skill level 6 in Ranged Weapons
  2377 | D:3      | 2377 ||| DROPPING ring of flight.
  2378 | D:3      | 2378 ||| READING scroll labelled ERIFRA ETOCLU.
  2379 | D:3      | 2379 ||| READING scroll labelled SUAXKO CI ASO.
  2395 | D:4      | 2395 ||| STAIRDANCE
  2429 | D:4      | 2429 ||| STAIRDANCE
  2474 | D:4      | Reached XP level 6. HP: 30/30 MP: 7/7
  2503 | D:4      | Noticed Ijyb
  2508 | D:4      | Killed Ijyb
  2578 | D:4      | Reached skill level 6 in Dodging
  2687 | D:4      | Found a staircase to the Ecumenical Temple.
  2688 | D:4      | 2688 ||| PLANNING TEMPLE
  2693 | Temple   | Entered the Ecumenical Temple
  2694 | Temple   | 2694 ||| PLANNING D:1-11
  2747 | D:4      | HP: 5/30 [poisoned by a scorpion]
  2748 | D:4      | 2748 ||| READING 2 scrolls of teleportation.
  2749 | D:4      | HP: 2/30 [poisoned by a scorpion]
  2751 | D:4      | Succumbed to a scorpion's poison

Levels and vault maps discovered:
D:1:      shiori_arrival_maze, layout_basic, basic_ecumenical_altar,
          minmay_tromino_v2
D:2:      layout_rooms, serial_aquarium, aquarium_bridge_long_separate
          [aquarium_subvault_bridge, aquarium_subvault_wall,
          aquarium_subvault_bridge, aquarium_subvault_bridge,
          aquarium_subvault_bridge, aquarium_subvault_wall],
          aquarium_window_corridor_2, aquarium_window_1, aquarium_view_2e,
          aquarium_view_2g
D:3:      layout_loops_corners, uniq_natasha
D:4:      layout_loops_ring, minmay_temple_entry_hall, kennysheep_nondescript,
          kennysheep_nub, uniq_ijyb, uniq_pikel, uniq_sigmund
Temple:   compressed_dpeg_triangle_lava_temple

Skill      XL: |  1  2  3  4  5  6 |
---------------+-------------------+-----
Dodging        | 3 4 5 6 |  6.1
Ranged Weapons | 5 6 |  6.6
Fighting       | 2 |  2.1
Stealth        | |  1.5

Action                     |  1- 3 |  4- 6 || total
---------------------------+-------+-------++-------
   Fire: Shortbow          |    93 |       ||    93
         Orcbow            |     5 |   132 ||   137
    Use: Scroll            |     5 |     3 ||     8
         Potion            |     1 |       ||     1
 Armour: Robe              |     7 |    30 ||    37
  Dodge: Dodged            |    24 |    62 ||    86

Table legend:
 A = Non-vault XP
 B = Vault XP
 C = Vault XP percentage of total XP
 D = Non-vault monster count
 E = Vault monster count
 F = Vault count percentage of total count
                 A         B        C        D         E       F
            +---------+---------+-------+---------+---------+-------
      Total |     540 |      91 |  14.4 |      71 |       6 |   7.8
            +---------+---------+-------+---------+---------+-------
        D:1 |      26 |      19 |  42.2 |      16 |       4 |  20.0
        D:2 |      45 |       0 |   0.0 |      20 |       0 |   0.0
        D:3 |     251 |      36 |  12.5 |      24 |       1 |   4.0
        D:4 |     218 |      36 |  14.2 |      11 |       1 |   8.3
            +---------+---------+-------+---------+---------+-------
